General information
- name: BNet
- type: Ladder team game (AT/RT)
- host: Battle.net
- saver: WhatItDo
map: Deadlands
- players: 8
- length: 38:56
- speed: Fast
- version: 1.26 W3XP
- replay type: Public
» download(227 KB)
Players
team 1 (winner)
Ellissa87 (
yellow | 38 APM | 794 actions | 20:47)
4 Archmage
2 Summon Water Elemental
2 Brilliance Aura
4 Paladin
2 Holy Light
1 Devotion Aura
1 Divine Shield
» actions
| Basic commands | 38 | |
| Build / train | 64 | |
| Enter build submenu | 25 | |
| Enter hero's abilities submenu | 7 | |
| Remove unit from queue | 7 | |
| Right click | 268 | |
| Select / deselect | 300 | |
| Use ability | 85 | |
794 total
» units
| Peasant | 11 | |
| Spell Breaker | 9 | |
| Priest | 5 | |
25 total
» upgrades
| Swords | 3 | |
| Plating | 3 | |
| Priest Training | 2 | |
| Sorceress Training | 1 | |
| Masonry | 1 | |
| Magic Sentry | 1 | |
11 total
» buildings
| Farm | 10 | |
| Lumber Mill | 1 | |
| Altar of Kings | 1 | |
| Scout Tower | 14 | |
| Arcane Tower | 1 | |
| Guard Tower | 4 | |
| Keep | 2 | |
| Arcane Vault | 1 | |
| Blacksmith | 1 | |
| Arcane Sanctum | 2 | |
| Town Hall | 2 | |
| Castle | 1 | |
40 total
» build order
00:32 Farm
00:49 Lumber Mill
01:04 Altar of Kings
01:27 Scout Tower
01:39 Scout Tower
01:47 Farm
01:55 Arcane Tower
02:10 Guard Tower
02:49 Keep
02:49 Keep
02:55 Farm
03:10 Farm
03:15 Farm
03:21 Arcane Vault
03:40 Blacksmith
03:53 Scout Tower
04:23 Guard Tower
04:52 Farm
05:12 Arcane Sanctum
05:18 Arcane Sanctum
05:37 Farm
08:42 Town Hall
09:31 Castle
10:26 Scout Tower
10:28 Scout Tower
10:30 Scout Tower
10:31 Scout Tower
10:32 Scout Tower
10:37 Scout Tower
10:47 Scout Tower
10:49 Scout Tower
11:02 Scout Tower
11:04 Scout Tower
11:06 Scout Tower
11:26 Guard Tower
11:26 Guard Tower
11:32 Guard Tower
12:42 Town Hall
13:16 Guard Tower
17:07 Farm
17:10 Farm
17:11 Farm
» items
| Scroll of Town Portal | 1 | |
| Orb of Lightning | 1 | |
| Healing Salve | 1 | |
3 total
MasterLuthier (
blue | 61 APM | 2374 actions | 38:56)
7 Blademaster
3 Wind Walk
3 Critical Strike
1 Bladestorm
» actions
| Assign group hotkey | 44 | |
| Basic commands | 9 | |
| Build / train | 133 | |
| ESC pressed | 2 | |
| Enter build submenu | 32 | |
| Enter hero's abilities submenu | 7 | |
| Give item / drop item | 9 | |
| Remove unit from queue | 3 | |
| Right click | 1043 | |
| Select / deselect | 346 | |
| Select group hotkey | 573 | |
| Use ability | 173 | |
2374 total
» units
| Peon | 9 | |
| Grunt | 9 | |
| Goblin Shredder | 5 | |
| Wind Rider | 9 | |
32 total
» upgrades
| Armor | 3 | |
| Berserker Strength | 1 | |
| Reinforced Defenses | 1 | |
| Ranged Weapons | 3 | |
| Pillage | 1 | |
| Envenomed Spears | 1 | |
| Spiked Barricades | 3 | |
| Melee Weapons | 3 | |
| Burning Oil | 1 | |
| Berserker Upgrade | 1 | |
| Troll Regeneration | 1 | |
| Backpack | 1 | |
| Liquid Fire | 1 | |
| War Drums Damage Increase | 1 | |
| Ensnare | 1 | |
23 total
» buildings
| Orc Burrow | 6 | |
| Altar of Storms | 2 | |
| Barracks | 1 | |
| Voodoo Lounge | 2 | |
| Stronghold | 1 | |
| War Mill | 1 | |
| Great Hall | 2 | |
| Fortress | 3 | |
| Watch Tower | 14 | |
| Beastiary | 2 | |
34 total
» build order
00:07 Orc Burrow
00:53 Altar of Storms
00:54 Barracks
00:59 Altar of Storms
01:50 Orc Burrow
02:12 Orc Burrow
02:20 Voodoo Lounge
04:13 Stronghold
05:09 War Mill
05:23 Great Hall
08:05 Fortress
08:05 Fortress
09:10 Watch Tower
09:14 Watch Tower
09:16 Watch Tower
09:27 Beastiary
10:10 Great Hall
10:13 Watch Tower
10:20 Watch Tower
10:28 Watch Tower
10:34 Watch Tower
11:49 Watch Tower
11:49 Watch Tower
11:50 Watch Tower
11:52 Watch Tower
11:54 Watch Tower
13:17 Beastiary
15:17 Voodoo Lounge
15:56 Watch Tower
15:59 Watch Tower
24:38 Orc Burrow
24:54 Orc Burrow
24:58 Orc Burrow
» items
| Healing Salve | 6 | |
| Lesser Clarity Potion | 6 | |
| Boots of Speed | 1 | |
| Orb of Lightning | 1 | |
| Potion of Mana | 1 | |
15 total
PnzrZeit (
orange | 57 APM | 1109 actions | 19:32)
4 Warden
2 Fan of Knives
2 Blink
» actions
| Assign group hotkey | 15 | |
| Basic commands | 30 | |
| Build / train | 67 | |
| Enter build submenu | 24 | |
| Enter hero's abilities submenu | 4 | |
| Remove unit from queue | 4 | |
| Right click | 511 | |
| Select / deselect | 349 | |
| Select group hotkey | 41 | |
| Use ability | 64 | |
1109 total
» units
| Wisp | 29 | |
| Archer | 5 | |
| Druid of the Claw | 14 | |
48 total
» upgrades
| Strength of the Wild | 2 | |
| Reinforced Hides | 3 | |
| Druid of the Claw Training | 2 | |
| Mark of the Claw | 1 | |
8 total
» buildings
| Altar of Elders | 1 | |
| Ancient of War | 1 | |
| Moon Well | 9 | |
| Tree of Ages | 1 | |
| Hunter's Hall | 1 | |
| Tree of Life | 1 | |
| Ancient of Lore | 2 | |
| Tree of Eternity | 1 | |
| Ancient Protector | 4 | |
21 total
» build order
00:05 Altar of Elders
00:06 Ancient of War
00:23 Moon Well
01:59 Moon Well
02:28 Moon Well
03:04 Moon Well
03:12 Moon Well
03:54 Tree of Ages
04:10 Hunter's Hall
05:26 Moon Well
05:45 Tree of Life
06:05 Moon Well
06:21 Ancient of Lore
06:23 Ancient of Lore
09:06 Tree of Eternity
09:38 Ancient Protector
10:08 Ancient Protector
10:51 Ancient Protector
13:29 Moon Well
13:35 Moon Well
14:35 Ancient Protector

»
651684313219687 (
red | 129 APM | 2495 actions | 19:23)
4 Demon Hunter
2 Mana Burn
2 Evasion
3 Naga Sea Witch
2 Frost Arrows
1 Forked Lightning
» actions
| Assign group hotkey | 14 | |
| Basic commands | 153 | |
| Build / train | 81 | |
| ESC pressed | 6 | |
| Enter build submenu | 26 | |
| Enter hero's abilities submenu | 8 | |
| Give item / drop item | 6 | |
| Right click | 899 | |
| Select / deselect | 670 | |
| Select group hotkey | 547 | |
| Use ability | 85 | |
2495 total
» units
| Wisp | 30 | |
| Huntress | 5 | |
| Dryad | 3 | |
| Druid of the Claw | 6 | |
| Goblin Zeppelin | 1 | |
| Goblin Shredder | 1 | |
46 total
» upgrades
| Ultravision | 1 | |
| Abolish Magic | 1 | |
| Druid of the Claw Training | 2 | |
| Nature's Blessing | 1 | |
| Strength of the Wild | 2 | |
| Reinforced Hides | 2 | |
| Well Spring | 1 | |
| Mark of the Claw | 1 | |
11 total
» buildings
| Altar of Elders | 1 | |
| Moon Well | 8 | |
| Hunter's Hall | 1 | |
| Ancient of War | 1 | |
| Ancient of Wonders | 2 | |
| Tree of Ages | 1 | |
| Tree of Life | 2 | |
| Ancient of Lore | 2 | |
| Ancient Protector | 6 | |
| Tree of Eternity | 3 | |
27 total
» build order
00:09 Altar of Elders
00:23 Moon Well
01:45 Hunter's Hall
01:48 Ancient of War
02:01 Moon Well
02:15 Ancient of Wonders
02:49 Moon Well
03:58 Tree of Ages
05:23 Tree of Life
05:34 Tree of Life
06:08 Moon Well
06:48 Ancient of Lore
06:49 Ancient of Lore
08:38 Ancient Protector
08:48 Moon Well
09:50 Moon Well
10:01 Ancient Protector
10:24 Tree of Eternity
10:25 Tree of Eternity
10:52 Moon Well
11:12 Ancient Protector
11:50 Moon Well
12:57 Ancient of Wonders
17:18 Ancient Protector
17:19 Ancient Protector
17:45 Ancient Protector
» items
| Boots of Speed | 1 | |
| Circlet of Nobility | 1 | |
| Periapt of Vitality | 1 | |
| Healing Salve | 1 | |
| Orb of Venom | 1 | |
| Scroll of Town Portal | 2 | |
7 total
team 2 (loser)
WhatItDo (
teal | 42 APM | 1649 actions | 38:56)
7 Blademaster
3 Wind Walk
3 Critical Strike
1 Bladestorm
» actions
| Assign group hotkey | 56 | |
| Basic commands | 169 | |
| Build / train | 83 | |
| Enter build submenu | 31 | |
| Enter hero's abilities submenu | 7 | |
| Give item / drop item | 8 | |
| Remove unit from queue | 1 | |
| Right click | 743 | |
| Select / deselect | 240 | |
| Select group hotkey | 167 | |
| Use ability | 144 | |
1649 total
» units
| Peon | 8 | |
| Grunt | 5 | |
| Goblin Shredder | 1 | |
| Goblin Sapper | 9 | |
| Goblin Zeppelin | 4 | |
| Troll Batrider | 3 | |
30 total
» upgrades
| Reinforced Defenses | 1 | |
| Ranged Weapons | 3 | |
| Armor | 3 | |
| Liquid Fire | 1 | |
| Troll Regeneration | 1 | |
| Envenomed Spears | 1 | |
10 total
» buildings
| Orc Burrow | 4 | |
| Altar of Storms | 1 | |
| Barracks | 1 | |
| Voodoo Lounge | 1 | |
| Stronghold | 1 | |
| War Mill | 2 | |
| Great Hall | 1 | |
| Watch Tower | 19 | |
| Fortress | 1 | |
| Beastiary | 4 | |
35 total
» build order
00:13 Orc Burrow
00:51 Altar of Storms
00:52 Barracks
01:04 Orc Burrow
01:50 Voodoo Lounge
02:57 Stronghold
04:08 War Mill
04:10 Orc Burrow
05:14 Great Hall
05:21 Watch Tower
05:22 Watch Tower
05:23 Watch Tower
07:50 Watch Tower
07:51 Watch Tower
07:51 Watch Tower
07:52 Watch Tower
08:09 Orc Burrow
08:51 Fortress
11:33 Watch Tower
11:34 Watch Tower
11:37 Watch Tower
11:37 Watch Tower
11:39 Watch Tower
11:39 Watch Tower
12:44 Watch Tower
12:45 Watch Tower
12:46 Watch Tower
12:47 Watch Tower
12:49 Watch Tower
12:53 Watch Tower
12:58 Beastiary
15:10 Beastiary
15:11 Beastiary
15:14 Beastiary
17:10 War Mill
» items
| Healing Salve | 7 | |
| Scroll of Town Portal | 4 | |
| Potion of Healing | 6 | |
| Potion of Mana | 9 | |
| Lesser Clarity Potion | 3 | |
| Orb of Lightning | 1 | |
| Staff of Teleportation | 1 | |
| Boots of Speed | 1 | |
32 total
OUTSIDER.WELCOM (
purple | 60 APM | 2322 actions | 38:52)
7 Blademaster
3 Critical Strike
3 Wind Walk
1 Bladestorm
» actions
| Assign group hotkey | 44 | |
| Basic commands | 134 | |
| Build / train | 60 | |
| Enter build submenu | 22 | |
| Enter hero's abilities submenu | 7 | |
| Give item / drop item | 3 | |
| Right click | 1052 | |
| Select / deselect | 251 | |
| Select group hotkey | 662 | |
| Use ability | 87 | |
2322 total
» units
| Peon | 11 | |
| Grunt | 4 | |
| Wind Rider | 7 | |
| Raider | 3 | |
| Demolisher | 2 | |
| Goblin Zeppelin | 3 | |
30 total
» upgrades
| Ranged Weapons | 2 | |
| Reinforced Defenses | 1 | |
| Envenomed Spears | 1 | |
| Armor | 1 | |
| Melee Weapons | 1 | |
6 total
» buildings
| Altar of Storms | 1 | |
| Orc Burrow | 6 | |
| Barracks | 1 | |
| Voodoo Lounge | 2 | |
| Stronghold | 1 | |
| War Mill | 1 | |
| Great Hall | 2 | |
| Watch Tower | 12 | |
| Beastiary | 3 | |
| Fortress | 1 | |
30 total
» build order
00:08 Altar of Storms
00:21 Orc Burrow
00:38 Barracks
01:24 Orc Burrow
02:05 Voodoo Lounge
03:03 Stronghold
03:39 War Mill
04:36 Orc Burrow
05:35 Great Hall
05:38 Watch Tower
05:39 Watch Tower
06:24 Watch Tower
06:24 Watch Tower
06:45 Watch Tower
06:47 Watch Tower
07:13 Voodoo Lounge
07:44 Watch Tower
07:45 Watch Tower
08:00 Beastiary
08:10 Orc Burrow
08:51 Fortress
09:08 Beastiary
09:10 Beastiary
10:14 Orc Burrow
13:19 Orc Burrow
17:45 Watch Tower
17:45 Watch Tower
17:46 Watch Tower
20:46 Great Hall
» items
| Healing Salve | 1 | |
| Boots of Speed | 1 | |
| Staff of Teleportation | 1 | |
| Scroll of Town Portal | 3 | |
| Potion of Mana | 1 | |
| Potion of Lesser Invulnerability | 1 | |
| Scroll of Healing | 1 | |
9 total
ITWN (
pink | 24 APM | 932 actions | 38:29)
2 Death Knight
1 Unholy Aura
1 Death Coil
» actions
| Basic commands | 50 | |
| Build / train | 61 | |
| Enter build submenu | 10 | |
| Enter hero's abilities submenu | 2 | |
| Remove unit from queue | 21 | |
| Right click | 281 | |
| Select / deselect | 453 | |
| Use ability | 54 | |
932 total
» units
| Acolyte | 2 | |
| Ghoul | 6 | |
| Necromancer | 2 | |
| Meatwagon | 5 | |
15 total
» upgrades
| Necromancer Training | 2 | |
| Skeletal Longevity | 1 | |
| Unholy Strength | 3 | |
| Unholy Armor | 3 | |
| Skeletal Mastery | 1 | |
| Exhume Corpses | 1 | |
| Disease Cloud | 1 | |
12 total
» buildings
| Crypt | 1 | |
| Graveyard | 3 | |
| Altar of Darkness | 1 | |
| Ziggurat | 8 | |
| Halls of the Dead | 1 | |
| Black Citadel | 1 | |
| Temple of the Damned | 2 | |
| Slaughterhouse | 1 | |
| Nerubian Tower | 4 | |
| Spirit Tower | 4 | |
| Sacrificial Pit | 1 | |
27 total
» build order
00:48 Crypt
01:54 Graveyard
02:17 Altar of Darkness
02:31 Ziggurat
02:33 Ziggurat
02:34 Ziggurat
02:37 Ziggurat
04:01 Halls of the Dead
07:24 Black Citadel
07:29 Temple of the Damned
07:32 Temple of the Damned
07:35 Graveyard
07:36 Graveyard
11:26 Slaughterhouse
13:09 Nerubian Tower
13:09 Nerubian Tower
13:10 Nerubian Tower
14:35 Ziggurat
14:36 Ziggurat
14:37 Ziggurat
14:42 Ziggurat
15:43 Spirit Tower
15:44 Spirit Tower
15:44 Spirit Tower
15:46 Spirit Tower
24:30 Sacrificial Pit

»
WC-and-chill (
green | 47 APM | 1669 actions | 35:43)
4 Blademaster
2 Wind Walk
2 Critical Strike
» actions
| Assign group hotkey | 23 | |
| Basic commands | 43 | |
| Build / train | 63 | |
| ESC pressed | 2 | |
| Enter build submenu | 35 | |
| Enter hero's abilities submenu | 4 | |
| Remove unit from queue | 1 | |
| Right click | 717 | |
| Select / deselect | 324 | |
| Select group hotkey | 372 | |
| Use ability | 85 | |
1669 total
» units
| Peon | 19 | |
| Grunt | 4 | |
| Raider | 8 | |
| Troll Batrider | 4 | |
| Wind Rider | 3 | |
| Troll Witch Doctor | 1 | |
| Shaman | 1 | |
40 total
» upgrades
| Pillage | 1 | |
| Reinforced Defenses | 1 | |
| Melee Weapons | 2 | |
| Ensnare | 1 | |
| Liquid Fire | 1 | |
| Armor | 1 | |
| Shaman Training | 1 | |
| Spiked Barricades | 1 | |
| Envenomed Spears | 1 | |
10 total
» buildings
| Orc Burrow | 8 | |
| Altar of Storms | 2 | |
| Barracks | 1 | |
| Voodoo Lounge | 1 | |
| Stronghold | 1 | |
| War Mill | 2 | |
| Great Hall | 1 | |
| Watch Tower | 12 | |
| Fortress | 1 | |
| Beastiary | 3 | |
| Spirit Lodge | 1 | |
33 total
» build order
00:23 Orc Burrow
00:49 Altar of Storms
00:56 Barracks
01:44 Orc Burrow
01:59 Voodoo Lounge
02:44 Orc Burrow
03:56 Stronghold
04:52 War Mill
05:19 Great Hall
06:45 Watch Tower
06:47 Watch Tower
06:49 Watch Tower
07:10 Fortress
07:13 Beastiary
07:20 Orc Burrow
08:15 Watch Tower
08:21 Beastiary
08:26 Beastiary
09:26 Watch Tower
10:11 Orc Burrow
10:14 Orc Burrow
12:23 Watch Tower
13:32 Watch Tower
14:45 Watch Tower
16:04 Orc Burrow
16:36 Orc Burrow
19:38 Spirit Lodge
19:44 Watch Tower
19:47 Watch Tower
21:17 Watch Tower
22:10 Watch Tower
23:36 Altar of Storms
23:40 War Mill
» items
| Healing Salve | 3 | |
| Orb of Lightning | 1 | |
| Scroll of Speed | 1 | |
5 total
Chat log
(00:25 / Allies) ITWN: hi
(00:28 / Allies) WC-and-chill: hey
(00:31 / Allies) WC-and-chill: own the gold
(00:35 / Allies) ITWN: just a heads up
(00:37 / Allies) WC-and-chill: expo asap then rape their mines
(00:37 / Allies) ITWN: im shit
(01:04 / All) OUTSIDER.WELCOM: can marco rubio beat trump, guys
(01:09 / Allies) ITWN: no
(01:10 / All) WC-and-chill: hope so
(01:13 / All) ITWN: no
(01:23 / All) WC-and-chill: hope bernie, trump, and hillary all die before november.......
(01:26 / All) WhatItDo: STRAIGHT UP NOW TELL ME DO U REALLY WANNA LOVE ME FOREVER
(01:30 / All) WhatItDo: OR AM I CAUGHT IN A HIT AND RUN
(01:33 / All) ITWN: im moving to canada
(01:35 / All) WC-and-chill: Prefer Rand over anyone
(01:35 / All) ITWN: fuck htis shit
(01:37 / All) WhatItDo: STRAIGHT YUP NO W TELL ME IS IT GONNA U AND ME TOGETHER
(01:43 / All) WhatItDo: OR ARE U JUS HAVIN FUN
(01:49 / All) WC-and-chill: uh uh oh
(02:03 / All) WhatItDo: I am a soldier for Trump!
(02:06 / All) WC-and-chill: are you a cold hearted snake?>
(02:14 / All) WC-and-chill: WTF? Why?
(02:16 / All) WhatItDo: Trump is our next president!
(02:19 / All) WC-and-chill: he's not a conservative
(02:20 / All) WhatItDo: Proud to be American!
(02:23 / All) MasterLuthier: Trump #1
(02:24 / All) WC-and-chill: He's not a republican
(02:26 / All) WhatItDo: Shut the fuck up cuck
(02:31 / All) MasterLuthier: I'm Canadian I'd vote for him
(02:35 / All) WhatItDo: GOPe can rot in hell!
(02:37 / All) WC-and-chill: no wonder you like him.........you're a fucking asshole
(02:44 / All) WhatItDo: Cuckold!
(02:47 / All) MasterLuthier: I wish we had Trump in Canada too
(02:53 / All) WhatItDo: I bet you worship nagger ball players
(02:53 / All) MasterLuthier: but canadians are all cucks like green
(02:54 / All) WhatItDo: LOL
(02:54 / All) OUTSIDER.WELCOM: wouldln't hilary be revolutionary as first woman pres?
(02:55 / All) WC-and-chill: I hate the GOP............but he's running as a GOP candidate dude.
(03:05 / All) WhatItDo: He's populist
(03:10 / All) WC-and-chill: Obama was the first female president
(03:26 / All) WhatItDo: Trump will build a wall and it's gonna be YUGE!
(03:36 / All) MasterLuthier: it's gonna be big and beautiful
(03:40 / All) WC-and-chill: you're a fool......
(03:44 / All) WC-and-chill: #boats
(03:51 / All) WhatItDo: It's gonna be big like Rosie ODonnell
(04:02 / All) WhatItDo: #CoastGuard
(04:06 / All) WC-and-chill: #shovels
(04:09 / All) WC-and-chill: #ladders
(04:09 / All) MasterLuthier: Green is a cuck
(04:12 / All) WhatItDo: #rifles
(04:25 / All) MasterLuthier: it's sad to be playing in the same game as a cuckold
(04:43 / All) WC-and-chill: no wonder you like the fool
(05:40 / All) WC-and-chill: if you like Trump, hillary, or bernie........you've proven yourself to be afucking idiot
(05:52 / Allies) OUTSIDER.WELCOM: pink come here
(06:02 / All) MasterLuthier: If you dislike trump you prove yourself to be a homosexual nigger lover
(06:17 / Allies) ITWN: wat
(06:29 / Allies) OUTSIDER.WELCOM: protect then we get u expo
(06:48 / Allies) ITWN: i havnt played this game in years
(06:52 / Allies) ITWN: so im rusty af
(07:06 / All) WhatItDo: IM PROUD TO BE AN AMERICAN
(07:09 / All) WhatItDo: WHERE AT LEAST I KNOW IM FREE
(07:14 / All) WhatItDo: AND I WONT FORGET THE ONES WHO DIED
(07:19 / All) WhatItDo: WHO GAVE THAT RIGHT TO ME
(07:25 / All) WC-and-chill: too bad we have dipshits like blue
(07:26 / All) WhatItDo: I PROUDLY STAND UP NEXT TO YOU
(07:32 / All) WhatItDo: BLAH BLAH AINT NO DOUBT I LOVE THIS LAND
(07:34 / All) WhatItDo: GOD BLESS THE USA!
(08:03 / All) MasterLuthier: go away dumb cuck
(08:23 / All) WhatItDo: cuckservatives can rot in hell
(08:24 / Allies) OUTSIDER.WELCOM: wood me plz
(08:34 / Allies) ITWN: how 2 give
(08:49 / Allies) OUTSIDER.WELCOM: allies tab at top left
(08:50 / All) WC-and-chill: seriously......if you like trump, it's like taking an IQ test that proves your no higher than 75
(09:04 / All) WhatItDo: Do you post a lot on Reddit
(09:06 / All) MasterLuthier: At least I'm not a CUCK!
(09:26 / Allies) OUTSIDER.WELCOM: green
(09:28 / Allies) OUTSIDER.WELCOM: come wiht me and teal
(09:29 / Allies) WC-and-chill: ?
(09:30 / Allies) OUTSIDER.WELCOM: we hit right side
(09:39 / Allies) WC-and-chill: checkign expos
(10:30 / Allies) WC-and-chill: we need to keep them poor
(10:34 / Allies) WC-and-chill: meet at my expo
(10:36 / Allies) WC-and-chill: kill thiers
(10:39 / Allies) OUTSIDER.WELCOM: hit
(10:42 / Allies) OUTSIDER.WELCOM: bot right
(10:56 / Allies) OUTSIDER.WELCOM: meet
(10:57 / Allies) OUTSIDER.WELCOM: bottom right
(11:17 / All) MasterLuthier: CUCK B GONE!
(11:46 / All) MasterLuthier: CUCK B GONE!
(12:00 / Allies) WC-and-chill: pretty sure blue is hacking
(12:27 / Allies) WhatItDo: out
(12:33 / Allies) WhatItDo: out
(12:34 / All) MasterLuthier: CUCK B GONE!
(12:49 / Allies) OUTSIDER.WELCOM: help teal expo
(13:50 / All) WhatItDo: sup fishy
(15:01 / All) WhatItDo: forgot I had mana pot!
(15:11 / All) MasterLuthier: thanks for the claws +6
(15:28 / All) WC-and-chill: thanks for the town hall portal
(15:32 / All) MasterLuthier: np
(17:26 / All) MasterLuthier: CUCK B GONE!
(17:39 / All) WhatItDo: that didn't work lol
(18:52 / All) MasterLuthier: CUCK B GONE!
(19:00 / All) MasterLuthier: CUCK B GONE!
(19:25 / All) WhatItDo: lol
(19:29 / All) WC-and-chill: i've got red
(19:40 / Allies) WhatItDo: let's hall fishy
(19:46 / All) Ellissa87: told them to hit but nooooooo
(19:52 / All) MasterLuthier: I want a low effort stab
(20:06 / All) MasterLuthier: but I always get caught on the bad team lately
(20:23 / All) WhatItDo: raped again fishy
(20:43 / All) WhatItDo: Get on out
(20:46 / All) WhatItDo: You're done here
(20:50 / All) WhatItDo: lol
(20:59 / All) MasterLuthier: TIME FOR THE CUCK TO LOSE!
(21:24 / Allies) WhatItDo: Traitors to the American people not welcome in my lands
(21:37 / All) OUTSIDER.WELCOM: trump #1
(21:42 / All) WhatItDo: free bats
(21:54 / All) WC-and-chill: if you think trump is the solution, you haven't figured out the problem yet
(22:00 / All) WhatItDo: actually I'll use them to kill greenbuildings
(22:14 / All) WhatItDo: The problem are the traitors to us white americans
(22:17 / All) MasterLuthier: I just want to go solo hero
(22:24 / All) MasterLuthier: and not put in much work against playersl ike green
(22:33 / All) MasterLuthier: but I get the shit team
(22:38 / All) MasterLuthier: and you two get 2 stabber every time
(22:50 / All) MasterLuthier: I'm too tired for this right now
(22:59 / All) OUTSIDER.WELCOM: die green
(23:00 / All) OUTSIDER.WELCOM: die
(23:23 / All) WC-and-chill: ......and now we see the personality of moronic trump supporters......
(23:33 / All) WhatItDo: CAN'T STUMP THE TRUMP!
(23:39 / All) MasterLuthier: got shit items this game too
(23:41 / All) OUTSIDER.WELCOM: aint moronic if its true
(23:44 / All) WhatItDo: DEAL FROM STRENGTH OR GET CRUSHED EVERYTIME1
(25:40 / All) OUTSIDER.WELCOM: green mad
(25:43 / All) OUTSIDER.WELCOM: cuz bad
(25:45 / All) WC-and-chill: nope
(25:49 / All) WhatItDo: THIS IS THE DAY OF THE ROPE FOR YOU
(25:51 / All) WhatItDo: CUCK
(26:00 / All) WC-and-chill: assholes like trump. I knew that before the game started.
(26:04 / All) WC-and-chill: I know it still
(26:07 / All) MasterLuthier: lol'
(26:09 / All) OUTSIDER.WELCOM: everyone knows trump is gonna iwn it all
(26:10 / All) WhatItDo: GET OUT
(26:15 / All) WhatItDo: YOUR KIND AIN'T WELCOME IN THESE LANDS
(26:22 / All) WC-and-chill: It's like being mad because shit smells bad.
(26:24 / All) OUTSIDER.WELCOM: rubio, bush, and ted cruz are all clowns
(26:32 / All) OUTSIDER.WELCOM: trump will pawn cuz hilary is a woman
(26:36 / All) WC-and-chill: it's just the way it is. Being pissed over it doesn't make it smell better.
(26:44 / All) WhatItDo: LEAVE OR I'LL TAKE ALL YOUR REDDIT KARMA AWAY
(27:20 / All) WC-and-chill: So why would I be pissed because pieces of shit smell like pieces of shit and act like pieces of shit?
(27:28 / All) WhatItDo: shut up already
(27:30 / All) WhatItDo: just leave
(27:32 / All) MasterLuthier: green is witty
(27:33 / All) WhatItDo: GO AND STAY GO
(27:35 / All) WhatItDo: I CANT EVEN
(27:37 / All) MasterLuthier: he has the liberal wit
(27:50 / All) WC-and-chill: The funny thing is that Trump is pretty much like Hillary
(27:54 / All) WhatItDo: LOL
(28:03 / All) MasterLuthier: lawl
(28:15 / All) WC-and-chill: talks big, promises everything, will grow the government bigger and in moronic ways just like Hillary
(28:21 / All) WC-and-chill: they're both fools
(28:27 / All) WhatItDo: No amnesty, gun rights, wall, ban muslim immigration, end free trade, end nafta
(28:32 / All) WhatItDo: Other than that, just like Hillary1
(28:37 / All) WC-and-chill: If you like Trump, Hillary, or Bernie.........your IQ is terribly low.
(28:46 / All) WhatItDo: who do you like
(28:57 / All) WC-and-chill: Trump doesn't give a shit about the 2nd ammendment
(29:20 / All) WhatItDo: Are you a hipster
(29:25 / All) WC-and-chill: The wall will be a rediculous waste of money and won't do a damn thing
(29:34 / All) WhatItDo: MEXICO WILL PAY FOR IT
(29:36 / All) WhatItDo: ART OF THE DEAL
(29:45 / All) WhatItDo: It works pretty nice for Spain and Israel!
(29:46 / All) WC-and-chill: we have a big fucking wall in Tijuana. There are 1000 ways over it, through it, or around it.
(30:04 / All) WhatItDo: Only because the border patrol have no power to do anything
(30:05 / All) OUTSIDER.WELCOM: it aint big, trumps wall is gonna be like 200 feet tall
(30:06 / All) MasterLuthier: it'll be big and beautiful
(30:09 / All) MasterLuthier: it'll be a real nice wall
(30:12 / All) WC-and-chill: I've lived in Israel and Spain.........and no it doesn't.
(30:24 / All) WhatItDo: Are you a Jew?
(30:29 / All) WC-and-chill: nope
(30:30 / All) WhatItDo: You want that NY Jew to run don't you
(30:33 / All) WhatItDo: LOL
(30:38 / All) WC-and-chill: Who? Bernie?
(30:38 / All) WhatItDo: Then why would you lvie in Israel liar
(30:51 / All) WC-and-chill: lol..........your ignorance is astounding
(31:01 / All) WC-and-chill: You think only Jews live in Israel?
(31:06 / All) WhatItDo: Are oyu a mudslime?
(31:16 / All) WC-and-chill: Nope, not a Muslim either.
(31:30 / All) WC-and-chill: No candidate gets Islamic issues right
(31:43 / All) WhatItDo: BAN hteir immigration
(31:49 / All) WhatItDo: repatriate them
(31:51 / All) WhatItDo: boom bada
(31:54 / All) WhatItDo: problem solved
(32:00 / All) MasterLuthier: what's your take on islamic issues green
(32:18 / All) WC-and-chill: You're not smart enough or mature enough for me to waste your time on that
(32:22 / All) MasterLuthier: lol
(32:26 / All) WC-and-chill: You've already made that painfully obvious.
(32:35 / All) OUTSIDER.WELCOM: green just so we're clear
(32:37 / All) WhatItDo: Do you want to live under Sharia law
(32:38 / All) OUTSIDER.WELCOM: wut is ur problem with trump
(32:50 / All) WC-and-chill: lol........nope. But that doesn't mean Trump is the guy.
(32:56 / All) WC-and-chill: "
(33:04 / All) MasterLuthier: green
(33:11 / All) MasterLuthier: what's the appealing in watching a black man fuck your wife
(33:13 / All) WC-and-chill: "peaceful muslims" are way too damn sympathetic to terrorism and sharia
(33:27 / All) WC-and-chill: what the fuck are you talking about?
(33:30 / All) OUTSIDER.WELCOM: how is trump different than the other candidates in the big sceheme
(33:40 / All) WhatItDo: islam is the religion of peace
(33:44 / All) WhatItDo: thru domination
(33:51 / All) WC-and-chill: I don't disagree......
(33:59 / All) WC-and-chill: but that doesn't mean Trump is a good candidate
(33:59 / All) WhatItDo: You pussy
(34:12 / All) MasterLuthier: I'm talking about how you are a cuck
(34:27 / All) OUTSIDER.WELCOM: the hell is a cuck lol
(34:34 / All) MasterLuthier: green
(34:37 / All) MasterLuthier: is an example
(35:40 / All) WC-and-chill: 3 morons squelched.
(35:47 / All) OUTSIDER.WELCOM: lawl
(35:49 / All) ITWN: ayy
(36:04 / All) MasterLuthier: lol
(36:49 / All) MasterLuthier: I got unlucky with my bm this game
(36:52 / All) MasterLuthier: I got a Mazuru
(36:56 / All) MasterLuthier: mazuru is not a strong warrior
(37:04 / All) WhatItDo: Jubei isn't too bad
(37:09 / All) ITWN: u got some nice slippers there
(37:17 / All) OUTSIDER.WELCOM: i stay on perch bobby
(37:20 / All) OUTSIDER.WELCOM: lol
(37:21 / All) WhatItDo: Jubei has lots of valuable trinkets because he is part jew
(37:29 / All) MasterLuthier: like green?
(38:24 / All) WhatItDo: raped
(38:30 / All) OUTSIDER.WELCOM: how u do that
(38:32 / All) MasterLuthier: I'll play more if you two want but I'm half asleep
(38:38 / All) WhatItDo: I tp'd on you
(38:41 / All) OUTSIDER.WELCOM: 1k more then
(38:44 / All) OUTSIDER.WELCOM: 1 more then new accts